 Dungeon Crawl Stone Soup version 0.29-a0-791-ga0f254aafb (webtiles) character file.

Game seed: 1692005579755356526

17138 Ajdolov the Frost Mage (level 12, -9/92 HPs)
             Began as a Barachi Ice Elementalist on July 3, 2022.
             Was a High Priest of Cheibriados.
             Mangled by a swamp worm (15 damage)
             ... on level 1 of the Lair of Beasts.
             The game lasted 00:35:46 (15331 turns).

Ajdolov the Frost Mage (Barachi Ice Elementalist)  Turns: 15331, Time: 00:35:47

Health: -9/92      AC: 10    Str: 30    XL:     12   Next: 44%
Magic:  9/17       EV: 13    Int: 39    God:    Cheibriados [*****.]
Gold:   509        SH:  0    Dex: 28    Spells: 5/17 levels left

rFire   . . .      SeeInvis .   y - +0 halberd
rCold   . . .      Faith    .   (shield currently unavailable)
rNeg    . . .      Spirit   .   g - +3 leather armour of the Rose {Regen+ Int+6}
rPois   +          Reflect  .   w - +1 helmet
rElec   .          Harm     .   (no cloak)
rCorr   .          Rampage  .   L - +1 pair of gloves {Stlth+}
Will    .....                   (no boots)
Stlth   +++.......              q - amulet of the acrobat
HPRegen 1.05/turn               M - ring of poison resistance
MPRegen 0.15/turn               B - +6 ring of strength

@: freezing walls, very slow
A: amphibious, slowness 1, strong legs 1, +LOS
a: Hop, Renounce Religion, Bend Time, Temporal Distortion, Slouch, Step From
Time


You were on level 1 of the Lair of Beasts.
You worshipped Cheibriados.
Cheibriados was extremely pleased with you.
You visited 3 branches of the dungeon, and saw 14 of its levels.

You collected 855 gold pieces.
You spent 346 gold pieces at shops.

Inventory:

Hand Weapons
 y - a +0 halberd (weapon)
Armour
 g - the +3 leather armour of the Rose (worn) {Regen+ Int+6}
   (You found it on level 12 of the Dungeon)

   Int:       It affects your intelligence (+6).
   Regen:     It increases your rate of health regeneration.
 w - a +1 helmet (worn)
 L - a +1 pair of gloves of stealth (worn)
Magical Staves
 E - a staff of cold
Jewellery
 l - a ring of resist corrosion
 q - an amulet of the acrobat (around neck)
 B - a +6 ring of strength (right hand)
 D - a ring of protection from cold
 M - a ring of poison resistance (left hand)
Wands
 h - a wand of digging (5)
 v - a wand of roots (20)
 A - a wand of charming (20)
 C - a wand of flame (42)
 I - a wand of polymorph (9)
 K - a wand of quicksilver (3)
Scrolls
 j - 2 scrolls of immolation
 k - 4 scrolls of teleportation
 n - 2 scrolls of brand weapon
 p - 5 scrolls of fear
 r - 3 scrolls of vulnerability
 s - a scroll of magic mapping
 t - 4 scrolls of noise
 u - 3 scrolls of enchant weapon
 F - a scroll of torment
 H - a scroll of fog
 J - a scroll of blinking {unknown}
 N - a scroll of poison
Potions
 a - a potion of might {unknown}
 b - a potion of magic
 c - 2 potions of resistance
 d - 2 potions of berserk rage {unknown}
 e - a potion of cancellation {unknown}
 f - 5 potions of curing {unknown}
 i - 3 potions of mutation {unknown}
 m - 3 potions of heal wounds {unknown}
 o - 5 potions of attraction {unknown}
 x - 3 potions of brilliance
 z - a potion of invisibility {unknown}
 O - 4 potions of ambrosia


   Skills:
 + Level 7.8 Fighting
 * Level 10.0 Polearms
 - Level 2.1 Dodging
 - Level 1.7 Stealth
 + Level 3.2 Spellcasting
 - Level 8.0 Conjurations
 - Level 12.0 Ice Magic
 - Level 8.0 Air Magic
 + Level 7.2 Invocations


You had 5 spell levels left.
You knew the following spells:

 Your Spells              Type           Power      Damage    Failure   Level
a - Freeze                Ice            100%       1d11      1%          1
b - Ozocubu's Armour      Ice            79%        N/A       1%          3
c - Frozen Ramparts       Ice            100%       1d12      1%          3
d - Freezing Cloud        Conj/Ice/Air   34%        6-21      2%          5

Your spell library contained the following spells:

 Spells                   Type           Power      Damage    Failure   Level
 Ensorcelled Hibernation  Hex/Ice        100%       N/A       1%          2
 Mephitic Cloud           Conj/Pois/Air  48%        N/A       1%          3
 Swiftness                Air            62%        N/A       1%          3
 Airstrike                Air            31%        0-10+     1%          4
 Hailstorm                Conj/Ice       71%        3d15      1%          4
 Beastly Appendage        Tmut           12%        N/A       4%          1
 Lightning Bolt           Conj/Air       31%        1d48      4%          5
 Blink                    Tloc           12%        N/A       6%          2
 Passwall                 Tmut/Erth      5%         N/A       6%          2
 Wereblood                Tmut           6%         N/A       6%          2
 Fulminant Prism          Conj/Hex       18%        3d11      9%          4
 Iskenderun's Mystic Bla  Conj/Tloc      37%        2d9       9%          4
 Summon Lightning Spire   Summ/Air       37%        N/A       9%          4
 Gell's Gravitas          Tloc           6%         N/A       13%         3
 Ignite Poison            Fire/Tmut/Pois 6%         N/A       13%         3
 Lesser Beckoning         Tloc           6%         N/A       13%         3
 Spider Form              Tmut/Pois      6%         N/A       13%         3
 Teleport Other           Tloc           6%         N/A       13%         3
 Lee's Rapid Deconstruct  Erth           3%         3d6*      75%         5
 Manifold Assault         Tloc           6%         N/A       75%         5
 Dispersal                Tloc           3%         N/A       100%        6


Dungeon Overview and Level Annotations

Branches:
Dungeon (12/15)            Temple (1/1) D:4            Lair (1/6) D:8
    Orc (0/2) D:12

Altars:
Ashenzari
Cheibriados
Dithmenos
Elyvilon
Fedhas
Gozag
Hepliaklqana
Kikubaaqudgha
Makhleb
Nemelex Xobeh
Okawaru
Qazlal
Ru
Sif Muna
Trog
Uskayaw
Vehumet
Wu Jian
Xom
Zin
The Shining One

Shops:
D:12 [

Annotations:
D:3 2 runed translucent doors, crawlogic's ghost, novice HuBe


Innate Abilities, Weirdness & Mutations

You are amphibious.
You cover ground slowly.
You can hop short distances.
You have an extended range of vision and can be seen from far away.


Message History

The swamp worm attacks as you move away!
The swamp worm completely misses you. x2; The swamp worm misses you. x2
Casting: Ozocubu's Armour (safe; 1% risk of failure)
Confirm with . or Enter, or press ? or * to list all spells.
Casting: Frozen Ramparts (safe; 1% risk of failure)
Press: ? - help, Dir - look around, f - activate The walls around you are covered in ice.
The swamp worm closely misses you.
The wall freezes the swamp worm!
The swamp worm bites you! The swamp worm completely misses you.
Unknown command.
You closely miss the swamp worm.
The swamp worm is moderately wounded.
The wall freezes the swamp worm!
The swamp worm misses you.
The swamp worm bites you but does no damage.
You barely miss the swamp worm.
The swamp worm is heavily wounded.
The wall freezes the swamp worm.
The swamp worm bites you! x2
* * * LOW HITPOINT WARNING * * *
You are too injured to fight recklessly!
Unknown command.
Your frozen ramparts will break if you move.
Continue?
The swamp worm attacks as you move away!
The swamp worm completely misses you.
The frozen ramparts melt away as you move.
The swamp worm fires a harpoon shot at you.
The harpoon shot misses you.
The swamp worm fires a harpoon shot at you.
The harpoon shot misses you.
The swamp worm fires a harpoon shot at you.
The harpoon shot misses you.
Casting: Frozen Ramparts (safe; 1% risk of failure)
Confirm with . or Enter, or press ? or * to list all spells.
Casting: Frozen Ramparts (safe; 1% risk of failure)
Press: ? - help, Dir - look around, f - activate The walls around you are covered in ice.
The wall freezes the swamp worm.
The swamp worm bites you!!
* * * LOW HITPOINT WARNING * * *
The wall freezes the swamp worm.
The wall freezes the swamp worm!
The swamp worm bites you!
You die...

.#..........# ##.. .....
.#..........# #... .....#
.#..........###..##.⌠.⌠.#
.#............#..........
.#.##.........+... ..>..
.............##..#.......
..............#..#..⌠.⌠..
##............#...#.....#
#.....≈≈≈≈≈....#@........
.....≈≈≈≈≈≈≈...w#......#.
...≈≈≈≈###≈≈≈≈..#..##....
#.≈≈≈### ###≈≈≈.##... ...
##≈≈## #P≈≈## #... ##≈≈#
≈≈≈≈≈# #..# .≈≈# ≈≈≈#P≈≈#
.... #≈###≈≈≈# .... #
≈≈≈≈# ....


You could see a swamp worm.

Vanquished Creatures
  A boulder beetle (D:11)
  A centaur warrior (D:12)
  4 two-headed ogres
  Pikel (D:4)
  3 ugly things
  2 gargoyles (D:12)
  2 unseen horrors
  A cane toad (Lair:1)
  Psyche (D:8)
  A komodo dragon (D:8)
  A queen bee (D:10)
  3 trolls
  A polar bear (Lair:1)
  Grinder (D:3)
  A vampire (D:12)
  6 yaks (D:12)
  A shadow (D:11)
  2 wyverns
  A wraith (D:11)
  A basilisk (Lair:1)
  2 vampire mosquitoes (D:11)
  Menkaure (D:4)
  A swamp worm (Lair:1)
  8 water moccasins
  3 acid dragons (D:11)
  A sky beast (D:6)
  5 orc warriors
  2 black bears (D:8)
  3 ogres
  12 centaurs
  4 lemures (D:4)
  2 phantoms
  2 kobold brigands
  8 bullfrogs
  2 scorpions (D:5)
  5 wights (D:10)
  25 killer bees
  6 howler monkeys
  3 jellies
  A bouda (D:9)
  5 orc priests
  2 hounds
  Jessica (D:2)
  3 iguanas
  Ijyb (D:3)
  Natasha (thrice) (D:2)
  7 orc wizards
  Robin (D:3)
  9 gnolls
  7 adders
  2 white imps
  3 ufetubi (D:6)
  3 worms
  55 orcs
  4 endoplasms
  4 giant cockroaches
  20 goblins
  11 hobgoblins
  14 kobolds
  2 quokkas
  4 ball pythons
  2 bats
  3 frilled lizards
  9 rats
306 creatures vanquished.

Vanquished Creatures (others)
  37 fungi
  43 plants
80 creatures vanquished.

Grand Total: 386 creatures vanquished

Notes
Turn   | Place    | Note
-------+----------+-------------------------------------------
     0 | D:1      | Ajdolov the Barachi Ice Elementalist began the quest for
                  | the Orb.
     0 | D:1      | Reached XP level 1. HP: 13/13 MP: 3/3
    37 | D:1      | Reached skill level 5 in Ice Magic
   220 | D:1      | Reached XP level 2. HP: 10/19 MP: 0/5
   646 | D:1      | Found a faded altar of an unknown god.
  1224 | D:1      | Reached skill level 6 in Ice Magic
  1224 | D:1      | Reached XP level 3. HP: 24/24 MP: 2/6
  1553 | D:2      | Reached XP level 4. HP: 29/30 MP: 4/7
  1561 | D:2      | Learned a level 3 spell: Ozocubu's Armour
  1565 | D:2      | Learned a level 3 spell: Frozen Ramparts
  1929 | D:2      | Reached skill level 7 in Ice Magic
  1955 | D:2      | Noticed Jessica
  1964 | D:2      | Killed Jessica
  2253 | D:2      | Noticed Natasha
  2258 | D:2      | Killed Natasha
  2259 | D:2      | Reached XP level 5. HP: 31/35 MP: 0/8
  2332 | D:2      | Noticed Natasha
  2344 | D:2      | Killed Natasha
  2417 | D:2      | Noticed Natasha
  2492 | D:2      | Killed Natasha
  2493 | D:2      | Reached skill level 8 in Ice Magic
  2656 | D:3      | Reached XP level 6. HP: 39/41 MP: 5/9
  3137 | D:3      | Noticed Ijyb
  3147 | D:3      | Killed Ijyb
  3264 | D:3      | Found a runed translucent door.
  3264 | D:3      | Noticed crawlogic's ghost (novice HuBe)
  3293 | D:3      | Found a runed translucent door.
  3302 | D:3      | Noticed Grinder
  3305 | D:3      | Paralysed by Grinder for 2 turns
  3310 | D:3      | Paralysed by Grinder for 4 turns
  3332 | D:3      | Killed Grinder
  3333 | D:3      | Reached skill level 9 in Ice Magic
  3333 | D:3      | Reached XP level 7. HP: 29/46 MP: 1/10
  3524 | D:4      | Noticed Robin
  3530 | D:3      | Killed Robin
  3730 | D:4      | Noticed Pikel
  3748 | D:4      | Killed Pikel
  3749 | D:4      | Reached skill level 1 in Fighting
  3749 | D:4      | Reached skill level 11 in Ice Magic
  3749 | D:4      | Reached XP level 8. HP: 9/54 MP: 1/11
  4032 | D:4      | Reached skill level 12 in Ice Magic
  4150 | D:4      | Found a staircase to the Ecumenical Temple.
  4283 | Temple   | Entered the Ecumenical Temple
  4349 | Temple   | Became a worshipper of Cheibriados the Contemplative
  4680 | D:4      | Noticed Menkaure
  4685 | D:4      | Killed Menkaure
  4686 | D:4      | Reached skill level 1 in Polearms
  4906 | D:4      | Reached skill level 1 in Invocations
  5144 | D:5      | Entered Level 5 of the Dungeon
  5531 | D:5      | Reached XP level 9. HP: 65/65 MP: 8/12
  5633 | D:5      | Found a hazy altar of Hepliaklqana.
  5693 | D:5      | Found a shimmering altar of Xom.
  5698 | D:5      | Found a hide-covered altar of Uskayaw.
  5709 | D:5      | Found a sparkling altar of Nemelex Xobeh.
  5717 | D:5      | Found a radiant altar of Vehumet.
  5722 | D:5      | Found a burning altar of Makhleb.
  5730 | D:5      | Found a white marble altar of Elyvilon.
  6281 | D:6      | Reached * piety under Cheibriados
  6753 | D:6      | Reached skill level 5 in Fighting
  6958 | D:7      | Reached skill level 5 in Polearms
  6970 | D:7      | Identified the +1 robe "Meurret" {rN+ Int+8 Stlth+
                  | Archmagi}
  7215 | D:7      | Reached ** piety under Cheibriados
  7633 | D:7      | You fall into a shaft and drop 1 floor!
  7638 | D:8      | Noticed Psyche
  7649 | D:8      | Killed Psyche
  7877 | D:8      | Noticed a two-headed ogre
  7893 | D:8      | Killed a two-headed ogre
  7894 | D:8      | Reached XP level 10. HP: 63/77 MP: 4/13
  7979 | D:8      | Found a staircase to the Lair.
  8117 | D:8      | Learned a level 5 spell: Freezing Cloud
  8150 | D:8      | Reached skill level 1 in Conjurations
  8150 | D:8      | Reached skill level 1 in Air Magic
  8213 | D:8      | Reached skill level 5 in Invocations
  8898 | D:9      | Reached *** piety under Cheibriados
  9976 | D:10     | Entered Level 10 of the Dungeon
 10048 | D:10     | Noticed a two-headed ogre
 10056 | D:10     | Killed a two-headed ogre
 10057 | D:10     | Reached XP level 11. HP: 84/84 MP: 9/15
 10058 | D:10     | Reached **** piety under Cheibriados
 10142 | D:10     | Found an iron altar of Okawaru.
 10273 | D:10     | Reached skill level 5 in Conjurations
 10275 | D:10     | Reached skill level 5 in Air Magic
 10276 | D:10     | Reached ***** piety under Cheibriados
 11386 | D:11     | Noticed a red ugly thing
 11404 | D:11     | Killed a red ugly thing
 11601 | D:11     | HP: 4/84 [vampire mosquito (6)]
 12659 | D:11     | Noticed a boulder beetle
 12687 | D:11     | Killed a boulder beetle
 13046 | D:12     | Noticed a two-headed ogre
 13057 | D:12     | Killed a two-headed ogre
 13080 | D:12     | Noticed a red ugly thing
 13091 | D:12     | Killed a red ugly thing
 13092 | D:12     | Reached XP level 12. HP: 91/91 MP: 8/16
 13453 | D:12     | Noticed a two-headed ogre
 13457 | D:12     | Killed a two-headed ogre
 13683 | D:12     | Found Ywkyemi's Antique Armour Shoppe.
 13691 | D:12     | Bought a pair of embroidered gloves for 157 gold pieces
 13691 | D:12     | Bought a spiked ring mail for 189 gold pieces
 13691 | D:12     | Identified the +1 ring mail of the Coconut {+Blink rF+}
                  | (You bought it in a shop on level 12 of the Dungeon)
 14121 | D:12     | Found a staircase to the Orcish Mines.
 14490 | D:12     | Noticed a centaur warrior
 14504 | D:12     | Killed a centaur warrior
 14640 | D:12     | Identified the +3 leather armour of the Rose {Regen+ Int+6}
 15167 | Lair:1   | Entered Level 1 of the Lair of Beasts
 15321 | Lair:1   | Reached skill level 10 in Polearms
 15331 | Lair:1   | Mangled by a swamp worm

Illustrated notes

Levels and vault maps discovered:
D:1:      saegor_arrival_simple_d, layout_basic, basic_ecumenical_altar
D:2:      layout_rooms, dreamdust_wishing_well, roderic_lattice_a, uniq_natasha,
          uniq_jessica
D:3:      layout_loops_ring, ebering_ghost_sewer_f, uniq_grinder, uniq_ijyb
D:4:      layout_basic, minmay_temple_entry_statues, uniq_pikel, uniq_robin,
          uniq_menkaure
D:5:      layout_rooms, grunt_temple_overflow_octagram,
          kennysheep_decorative_pillar
D:6:      layout_basic
D:7:      layout_loops_ring, ebering_ghost_gozag, item_on_display_a
D:8:      layout_loops_ring, due_lair_maze_entry_diamond,
          minmay_misc_feat_nine_boxes, chequers_serial_rivers_large_a,
          uniq_psyche
D:9:      layout_roguey
D:10:     layout_rooms, kennysheep_okawaru_gauntlet, serial_aquarium,
          aquarium_bridge_straight [aquarium_subvault_bridge,
          aquarium_subvault_balcony, aquarium_subvault_bridge,
          aquarium_subvault_window], aquarium_window_1, aquarium_window_fake,
          aquarium_window_fake, aquarium_view_4, aquarium_view_2d,
          aquarium_pool_side, special_room [special_room_bee]
D:11:     layout_grid_maze
D:12:     layout_loops_corners, hiddenorc2_lemuel, serial_shops,
          nicolae_lakefront_shop
Temple:   eino_narrow_crystal_temple
Lair:1:   layout_chaotic_city, worms_lemuel, grunt_megastairs_2,
          serial_bayou_shore_a, uniq_fannar

Skill      XL: |  1  2  3  4  5  6  7  8  9 10 11 12 |
---------------+-------------------------------------+-----
Ice Magic      | 5 6 7 8 9 11 12 | 12.0
Fighting       | 1 4 6 7 |  7.8
Polearms       | 3 7 8 9 10 | 10.0
Invocations    | 2 4 5 6 7 |  7.2
Conjurations   | 4 7 8 |  8.0
Air Magic      | 4 7 8 |  8.0
Spellcasting   | 3 |  3.2
Dodging        | |  2.1
Stealth        | |  1.7

Action                   |  1- 3 |  4- 6 |  7- 9 | 10-12 || total
-------------------------+-------+-------+-------+-------++-------
Melee: Unarmed           |     8 |       |       |       ||     8
       Whip              |    26 |    38 |    28 |       ||    92
       Dagger            |     3 |       |       |       ||     3
       Punch             |       |     2 |       |       ||     2
       Halberd           |       |       |   101 |   284 ||   385
 Cast: Freeze            |    51 |    24 |    11 |       ||    86
       Frozen Ramparts   |       |    10 |    42 |    69 ||   121
       Ozocubu's Armour  |       |     5 |    14 |    29 ||    48
       Freezing Cloud    |       |       |       |     1 ||     1
Invok: Slouch            |       |       |       |     1 ||     1
       Temporal Distorti |       |       |       |     1 ||     1
 Abil: Hop               |     2 |       |     4 |     6 ||    12
Evoke: Wand              |       |     3 |     2 |     4 ||     9
  Use: Scroll            |       |       |     9 |     7 ||    16
       Potion            |       |       |       |     2 ||     2
 Stab: Sleeping          |       |     1 |       |     1 ||     2
       Distracted        |       |       |       |     1 ||     1
Armor: Robe              |     5 |       |       |       ||     5
       Leather armour    |    29 |    27 |    49 |   102 ||   207
       Ring mail         |       |       |       |    26 ||    26
Dodge: Dodged            |    65 |    23 |   116 |   237 ||   441

Table legend: (Time is in decaauts)
 A = Elapsed time spent in this place.
 B = Non-inter-level travel time spent in this place.
 C = Inter-level travel time spent in this place.
 D = Time resting spent in this place.
 E = Time spent auto-exploring this place.
 F = Levels seen in this place.
 G = Mean time per level.
                   A        B        C        D        E       F      G
               +--------+--------+--------+--------+--------+-----+--------+
         Total |  21111 |  20339 |    772 |   2234 |  14335 |  14 | 1507.9 |
       Dungeon |  20736 |  19985 |    751 |   2234 |  14104 |  12 | 1728.0 |
        Temple |    101 |     81 |     20 |      0 |     46 |   1 |  101.0 |
          Lair |    274 |    274 |      0 |      0 |    184 |   1 |  274.0 |
               +--------+--------+--------+--------+--------+-----+--------+

Top non-repeatable levels by time:
    D:12: 3258 daAuts
    D:11: 2796 daAuts
    D:10: 2145 daAuts
     D:8: 1851 daAuts
     D:4: 1771 daAuts
     D:9: 1669 daAuts
     D:2: 1400 daAuts
     D:6: 1400 daAuts
     D:1: 1367 daAuts
     D:3: 1176 daAuts
     D:5: 960 daAuts
     D:7: 938 daAuts
  Lair:1: 274 daAuts
  Temple: 101 daAuts
